Map: Neon Violet Square LE

Players

fruitcake

  • Race: Protoss Protoss
  • Spawn Location: 5:00

doncheco - Winner!

  • Race: Protoss Protoss
  • League: Gold
  • Spawn Location: 11:00

VOD

Have the link to the VOD?

Description

Time

  • Played on: May 9, 2018, 8:22 p.m.
  • Length: 17:14
Show
View Real Time Build Order
Export as new Build Order

fruitcake Protoss 

Build Orders: Zealot Archon 

Get SALT Encoding   

  1  0:00  Probe  
  12  0:05  Probe  
  14  0:19  Pylon  
  14  0:22  Probe  
  15  0:38  Gateway  
  15  0:41  Assimilator  
  15  0:44  Probe  
  16  1:03  Probe  
  16  1:11  Probe  
  17  1:13  Forge  
  18  1:19  Probe  
  19  1:26  Pylon  
  19  1:38  Zealot, Assimilator  
  21  1:48  Cybernetics Core  
  21  2:12  Nexus  
  21  2:13  Probe  
  21  2:21  Probe  
  22  2:27  Warp Gate  
  22  2:28  Stalker  
  25  2:41  Protoss Ground Weapons Level 1  
  25  3:03  Pylon  
  25  3:07  Twilight Council  
  25  3:10  Probe  
  26  3:22  Probe  
  26  3:23  Stalker  
  29  3:34  Gateway  
  29  3:40  Probe x2  
  31  3:43  Pylon  
  31  3:53  Stalker  
  33  4:03  Templar Archives  
  33  4:05  Probe x2  
  35  4:17  Probe  
  36  4:31  Psionic Storm  
  36  4:32  Gateway  
  36  4:33  Gateway  
  36  4:34  Probe  
  36  4:35  Gateway  
  36  4:38  Probe  
  38  4:52  Probe  
  38  4:53  Probe  
  40  5:05  Probe  
  35  5:29  Stalker  
  34  5:49  Probe  
  35  5:50  Pylon  
  35  5:54  High Templar x2, Assimilator  
  35  5:56  Stalker  
  41  5:58  Assimilator  
  41  6:01  Probe  
  42  6:08  Photon Cannon  
  42  6:10  Photon Cannon  
  42  6:13  Probe  
  43  6:24  Photon Cannon, Probe  
  44  6:27  Archon  
  44  6:28  Photon Cannon  
  44  6:35  High Templar  
  44  6:37  Probe  
  47  6:48  Blink, Probe  
  47  6:51  High Templar  
  47  6:54  Probe  
  50  6:56  Probe  
  52  7:02  Probe  
  52  7:04  Probe  
  53  7:11  Probe  
  55  7:15  Probe  
  56  7:23  Probe  
  56  7:28  Probe, Nexus  
  58  7:37  High Templar x2  
  62  7:47  Probe  
  63  7:51  Probe  
  63  7:56  High Templar  
  63  7:58  Archon  
  66  7:59  Probe  
  66  8:02  High Templar  
  66  8:03  Probe  
  70  8:15  Pylon  
  70  8:17  Pylon  
  70  8:18  Pylon  
  70  8:19  Pylon  
  70  8:24  Pylon  
  70  8:33  Probe x2, Archon  
  72  8:38  High Templar x2  
  76  8:45  Probe x2  
  78  8:50  High Templar  
  78  8:53  Zealot x2, Probe  
  84  8:58  Probe x2  
  84  9:01  Probe  
  84  9:02  Assimilator  
  87  9:04  Assimilator  
  88  9:10  Probe x2  
  88  9:11  Probe  
  91  9:18  High Templar x2  
  91  9:21  Archon  
  91  9:22  Probe x2  
  91  9:23  Probe  
  98  9:25  High Templar  
  100  9:34  Probe  
  101  9:51  Nexus  
  101  9:53  Assimilator  
  101  9:55  Archon  
  101  9:58  Assimilator  
  101  9:59  High Templar x3  
  107  10:01  Zealot  
  107  10:02  Zealot  
  111  10:22  Protoss Ground Weapons Level 2  
  111  10:34  Charge  
  111  10:39  Gateway  
  111  10:40  Gateway, Zealot x2  
  111  10:42  High Templar x3, Gateway  
  121  10:43  Gateway  
  121  10:48  Archon  
  121  11:09  Probe x4  
  125  11:18  Pylon  
  125  11:19  Archon  
  125  11:21  Probe x3  
  125  11:22  Probe  
  125  11:23  High Templar x4  
  137  11:31  Pylon  
  137  11:33  Pylon, Probe x3  
  137  11:36  Probe, Archon  
  137  11:37  Archon  
  141  11:58  Pylon  
  141  12:02  Pylon  
  141  12:03  Probe x2  
  141  12:06  Pylon  
  143  12:08  Pylon  
  143  12:11  High Templar x3  
  143  12:12  High Templar x2  
  153  12:17  Pylon x2, Nexus  
  153  12:19  Pylon  
  153  12:23  Zealot x4  
  153  12:28  Probe  
  153  12:29  Pylon  
  162  12:30  Probe x3  
  162  12:32  Pylon  
  162  12:34  Archon  
  162  12:36  Archon  
  165  12:40  Probe  
  165  12:42  Probe  
  167  12:48  High Templar x3  
  167  12:49  High Templar x2  
  177  12:52  High Templar  
  177  12:53  Zealot  
  177  12:55  Archon x2  
  177  12:56  Archon  
  177  12:57  Probe x4  
  185  13:06  Photon Cannon, Protoss Ground Weapons Level 3  
  185  13:09  Probe x3  
  185  13:10  Photon Cannon, Probe  
  189  13:21  Probe x2  
  189  13:22  Probe x2  
  193  13:33  Probe x2  
  193  13:34  Assimilator, Probe x2  
  197  13:39  Assimilator  
  197  13:45  Robotics Facility, Probe  
  197  13:46  Probe x2  
  200  13:52  Robotics Facility  
  142  14:23  High Templar x2  
  142  14:24  High Templar x3  
  138  14:30  Archon x2  
  142  14:39  Observer  
  143  14:47  High Templar x4  
  151  14:58  Archon  
  147  15:01  Observer  
  148  15:08  Observer  
  147  15:22  Observer  
  147  15:26  High Templar x4  
  147  15:27  High Templar x3  
  162  15:29  Observer  
  163  15:40  Archon x4  
  163  15:42  Zealot x2  
  155  16:06  High Templar  
  155  16:07  High Templar  
  155  16:08  High Templar  
  155  16:09  High Templar  
  133  16:18  High Templar  
  133  16:24  Archon  
  132  16:29  High Templar  
  123  16:38  Gateway  
  127  16:42  Gateway  
  127  16:45  Zealot x3  
  127  16:46  Zealot x2  
  127  16:47  Zealot x2  
  141  17:00  Zealot  
  125  17:12  High Templar x2  
Show
View Real Time Build Order
Export as new Build Order

doncheco Protoss - Winner!

Build Orders: Oracle Opening 

Get SALT Encoding   

  12  0:00  Probe  
  13  0:08  Probe  
  14  0:17  Probe  
  15  0:22  Pylon  
  15  0:40  Probe  
  16  0:52  Probe  
  17  1:04  Probe  
  17  1:06  Assimilator  
  17  1:09  Gateway  
  18  1:15  Pylon  
  18  1:17  Probe  
  19  1:19  Pylon  
  19  1:32  Probe  
  20  1:33  Forge  
  20  1:35  Assimilator  
  20  1:44  Probe  
  21  1:48  Zealot  
  21  1:56  Probe  
  24  2:08  Probe, Cybernetics Core  
  25  2:14  Zealot  
  27  2:48  Stargate  
  27  2:53  Pylon  
  27  3:01  Stalker  
  29  3:07  Nexus  
  29  3:13  Gateway  
  29  3:17  Probe  
  30  3:23  Oracle  
  30  3:31  Pylon  
  30  3:36  Stalker  
  35  3:52  Oracle  
  35  3:55  Probe  
  36  4:00  Stalker  
  41  4:13  Zealot  
  43  4:21  Twilight Council  
  43  4:27  Pylon  
  43  4:31  Stalker  
  45  4:43  Void Ray  
  45  4:44  Probe  
  49  4:52  Probe  
  50  4:53  Probe  
  50  4:59  Zealot  
  54  5:02  Probe  
  54  5:05  Probe  
  53  5:30  Stalker x2  
  53  5:42  Probe  
  57  5:43  Probe  
  59  5:50  Probe  
  59  5:55  Probe  
  61  5:57  Photon Cannon  
  61  5:58  Probe  
  61  5:59  Stalker, Shield Battery  
  61  6:03  Photon Cannon  
  64  6:07  Pylon, Probe  
  64  6:10  Probe  
  66  6:12  Assimilator  
  66  6:16  Assimilator, Stalker  
  68  6:19  Probe  
  68  6:22  Probe  
  68  6:23  Blink  
  70  6:31  Probe  
  71  6:37  Fleet Beacon  
  71  6:39  Stalker  
  73  6:47  Probe  
  74  6:57  Stalker  
  74  6:59  Probe  
  77  7:09  Stalker  
  77  7:11  Robotics Facility, Probe  
  80  7:23  Nexus  
  80  7:25  Pylon  
  80  7:28  Pylon  
  80  7:30  Stalker  
  80  7:34  Assimilator  
  80  7:36  Protoss Shields Level 1  
  82  7:37  Assimilator  
  82  7:43  Tempest  
  88  8:11  Pylon  
  88  8:14  Photon Cannon  
  88  8:23  Photon Cannon  
  88  8:26  Photon Cannon  
  85  8:50  Stalker x2  
  89  9:05  Observer, Stargate, Probe  
  89  9:06  Stargate  
  91  9:13  Probe  
  91  9:20  Stalker x2  
  91  9:22  Probe  
  96  9:25  Photon Cannon  
  96  9:26  Observer  
  96  9:27  Photon Cannon  
  96  9:28  Protoss Shields Level 2  
  96  9:29  Shield Battery  
  98  9:42  Graviton Catapult  
  98  9:45  Charge  
  98  9:47  Observer  
  99  9:55  Dark Shrine, Probe  
  100  10:03  Probe  
  100  10:08  Tempest  
  100  10:12  Probe  
  100  10:14  Tempest  
  114  10:25  Probe  
  115  10:36  Immortal  
  115  10:37  Probe  
  115  10:38  Protoss Air Weapons Level 1  
  120  10:58  Observer, Nexus  
  120  10:59  Pylon  
  120  11:00  Pylon  
  120  11:02  Pylon  
  120  11:15  Immortal  
  124  11:37  Shield Battery  
  124  11:39  Shield Battery  
  124  11:41  Protoss Shields Level 3  
  124  11:42  Pylon  
  124  11:43  Tempest x3  
  146  11:54  Immortal  
  146  12:21  Assimilator, Probe  
  147  12:23  Protoss Air Armor Level 1  
  147  12:25  Assimilator  
  147  12:29  Dark Templar x2  
  151  12:33  Probe  
  152  12:45  Probe  
  153  12:52  Observer  
  153  12:56  Photon Cannon  
  153  12:57  Probe  
  154  12:59  Photon Cannon  
  154  13:01  Observer  
  154  13:02  Photon Cannon  
  155  13:08  Dark Templar  
  161  13:29  Carrier  
  161  13:35  Observer  
  161  13:39  Carrier  
  169  13:56  Observer  
  168  14:06  Carrier  
  170  14:16  Protoss Air Weapons Level 2  
  162  14:17  Immortal  
  160  14:26  Mothership  
  160  14:27  Stalker x2  
  160  14:29  Protoss Ground Weapons Level 1  
  170  14:57  Stalker  
  172  15:19  Stalker  
  172  15:23  Immortal  
  172  15:48  Pylon  
  172  15:49  Pylon  
  172  15:52  Pylon  
  172  16:00  Stalker  
  172  16:02  Stalker  
  158  16:23  Pylon  
  158  16:30  Stalker  
  160  16:32  Stalker  
  166  16:49  Pylon  
  166  16:51  Pylon  
  166  16:54  Pylon  
Tags
 
Add a new tag
Caveats
  • Supply blocks, unpowered buildings, or Contaminate may cause inaccurate times.
  • Supply counts are checked every 10 seconds.